Map: Submarine LE

Players

Reynor - Winner!

  • Race: Zerg Zerg
  • League: Master
  • Spawn Location: 11:00

PtitDrogo

  • Race: Protoss Protoss
  • League: Grandmaster
  • Spawn Location: 5:00

Event: DreamHack SC2 Masters 2020 Fall

VOD

Have the link to the VOD?

Description

Time

  • Played on: Aug. 29, 2020, 12:43 p.m.
  • Length: 13:47

All games in this series

Show
View Real Time Build Order
Export as new Build Order

Reynor Zerg - Winner!

Build Orders: Pool First 

Get SALT Encoding   

  12  0:00  Drone  
  13  0:12  Overlord  
  13  0:16  Drone  
  14  0:30  Drone x2  
  16  0:41  Spawning Pool  
  15  0:46  Drone  
  16  1:08  Hatchery  
  16  1:11  Drone  
  16  1:14  Drone  
  17  1:28  Zergling x4  
  20  1:32  Zergling x2  
  20  1:44  Hatchery  
  19  1:49  Drone  
  20  1:58  Queen  
  20  1:59  Evolution Chamber  
  22  2:02  Extractor, Overlord  
  22  2:20  Drone x2  
  24  2:26  Drone  
  24  2:33  Queen  
  26  2:38  Drone  
  27  2:47  Zergling x2  
  28  3:00  Zergling x2  
  28  3:04  Drone  
  28  3:05  Drone x3, Queen  
  32  3:07  Overlord  
  34  3:13  Drone, Metabolic Boost  
  34  3:17  Drone  
  36  3:21  Overlord  
  36  3:32  Hatchery  
  34  3:35  Drone  
  34  3:36  Drone  
  34  3:39  Drone x2  
  38  3:42  Drone  
  38  3:43  Drone  
  38  3:45  Drone  
  38  3:48  Zergling x2  
  42  3:49  Drone  
  42  3:53  Zergling x2  
  42  3:54  Drone  
  45  3:58  Overlord  
  45  4:03  Queen  
  45  4:06  Drone  
  48  4:10  Drone  
  48  4:14  Drone x2  
  48  4:16  Drone  
  48  4:17  Drone x3  
  53  4:19  Drone  
  53  4:23  Overlord  
  56  4:26  Drone  
  56  4:30  Queen  
  59  4:42  Drone x3  
  62  4:48  Overlord  
  62  4:50  Drone x6  
  68  4:53  Roach Warren  
  68  4:54  Drone  
  68  4:55  Drone  
  68  4:57  Zergling x2  
  70  5:02  Overlord  
  70  5:10  Drone x2  
  70  5:11  Extractor, Lair  
  70  5:12  Queen, Extractor  
  70  5:13  Drone  
  73  5:15  Evolution Chamber  
  73  5:16  Zergling x2  
  73  5:19  Extractor  
  73  5:20  Overlord  
  73  5:21  Drone x3  
  75  5:25  Spore Crawler  
  75  5:27  Drone x2  
  75  5:28  Drone  
  77  5:29  Spore Crawler  
  77  5:32  Roach  
  77  5:33  Roach  
  77  5:35  Overlord  
  80  5:37  Drone  
  80  5:42  Drone x2  
  83  5:43  Spore Crawler  
  83  5:44  Overlord  
  83  5:45  Roach x2  
  83  5:48  Extractor  
  83  5:49  Extractor, Zerg Missile Weapons Level 1  
  84  5:54  Roach x3  
  84  5:57  Drone x2  
  91  5:58  Drone  
  91  6:00  Drone  
  91  6:03  Overlord  
  94  6:06  Drone x3  
  94  6:08  Overseer  
  94  6:10  Glial Reconstitution  
  97  6:12  Roach  
  97  6:13  Roach  
  97  6:14  Drone  
  104  6:18  Drone x2  
  104  6:21  Overseer  
  104  6:33  Roach x4  
  104  6:34  Roach  
  104  6:36  Overlord  
  104  6:38  Overlord  
  114  6:40  Hatchery  
  114  6:41  Overlord  
  114  6:47  Overlord  
  113  6:49  Roach  
  114  6:57  Drone x5  
  114  6:59  Drone x6  
  114  7:01  Roach x2  
  129  7:03  Roach  
  129  7:05  Roach  
  129  7:07  Overlord  
  133  7:10  Roach  
  133  7:12  Ravager x3  
  133  7:14  Roach  
  133  7:15  Spine Crawler  
  139  7:18  Roach x2  
  139  7:20  Overlord  
  142  7:24  Roach  
  142  7:27  Ravager x4  
  142  7:28  Zergling x10  
  153  7:31  Overlord  
  153  7:32  Overlord  
  153  7:36  Overlord  
  153  7:41  Ravager x2  
  153  7:42  Roach x3  
  158  7:45  Roach x2  
  158  7:47  Overlord  
  158  7:51  Roach x3  
  160  7:58  Roach x4  
  160  8:03  Ravager x2  
  160  8:04  Roach  
  160  8:05  Roach x3  
  169  8:07  Ravager x2  
  169  8:08  Roach x2  
  169  8:10  Extractor  
  169  8:11  Queen  
  173  8:13  Roach x2  
  156  8:20  Roach x3  
  156  8:26  Roach  
  151  8:31  Roach x3  
  151  8:32  Roach x2  
  153  8:36  Roach x2  
  153  8:39  Zerg Missile Weapons Level 2  
  153  8:40  Roach x2  
  153  8:41  Roach  
  161  8:45  Ravager  
  161  8:46  Drone  
  161  8:47  Drone x2  
  165  8:49  Extractor  
  165  8:52  Roach  
  165  8:53  Roach x2  
  170  8:59  Roach  
  170  9:01  Tunneling Claws, Burrow, Queen  
  174  9:04  Hatchery  
  174  9:06  Drone x3  
  174  9:09  Roach x4  
  184  9:13  Drone  
  183  9:17  Roach  
  183  9:18  Roach  
  183  9:20  Drone x2, Queen  
  185  9:25  Roach  
  185  9:26  Roach x3  
  193  9:31  Drone  
  193  9:37  Roach x3  
  198  9:42  Roach x3  
  195  9:49  Roach x3  
  187  9:55  Roach x2  
  187  9:59  Roach  
  197  10:00  Roach x4  
  197  10:05  Drone  
  200  10:10  Overseer  
  200  10:17  Roach x13  
  200  10:21  Infestation Pit  
  200  10:24  Evolution Chamber  
  192  10:31  Ravager  
  192  10:32  Ravager  
  192  10:33  Drone x6  
  192  10:35  Extractor  
  199  10:36  Spine Crawler, Spore Crawler  
  199  10:37  Extractor  
  199  10:42  Roach x4  
  184  10:49  Ravager x3  
  187  10:51  Drone x3  
  187  10:53  Roach  
  187  10:54  Roach x4  
  187  10:55  Roach x8  
  200  11:00  Ravager  
  200  11:01  Ravager  
  190  11:06  Roach x7  
  190  11:09  Hive, Zerg Ground Armor Level 1  
  194  11:15  Roach x2  
  194  11:17  Roach x9  
  194  11:18  Roach x3  
  196  11:21  Overlord x2  
  196  11:26  Drone x2  
  196  11:28  Roach  
  196  11:29  Roach, Hydralisk Den  
  196  11:32  Roach  
  197  11:39  Overlord  
  195  11:57  Roach x15  
  199  12:02  Muscular Augments  
  199  12:03  Lurker Den  
  194  12:12  Hydralisk x2  
  194  12:13  Hydralisk  
  200  12:20  Spine Crawler, Spore Crawler  
  200  12:22  Spine Crawler x2  
  196  12:24  Hydralisk x2  
  194  12:33  Hydralisk x16  
  184  12:37  Hydralisk x2  
  184  12:38  Hydralisk x7  
Show
View Real Time Build Order
Export as new Build Order

PtitDrogo Protoss 

Build Orders: Archon Immortal 

Get SALT Encoding   

  12  0:00  Probe  
  13  0:13  Pylon  
  13  0:18  Probe (Chrono Boost)  
  14  0:27  Probe (Chrono Boost)  
  15  0:32  Probe (Chrono Boost)  
  16  0:40  Gateway  
  16  0:44  Probe  
  17  0:50  Assimilator  
  17  0:56  Probe  
  18  1:08  Probe  
  19  1:20  Probe  
  20  1:26  Zealot (Chrono Boost)  
  20  1:28  Pylon  
  20  1:30  Cybernetics Core  
  22  1:33  Probe  
  23  1:46  Probe  
  24  1:48  Zealot (Chrono Boost)  
  26  1:59  Probe  
  27  2:12  Adept (Chrono Boost)  
  29  2:17  Probe  
  30  2:29  Nexus  
  30  2:33  Pylon  
  30  2:41  Probe  
  31  2:46  Assimilator  
  31  2:49  Warp Gate  
  31  2:51  Adept  
  31  2:53  Probe  
  34  3:05  Probe (Chrono Boost)  
  35  3:18  Probe (Chrono Boost)  
  36  3:24  Probe (Chrono Boost)  
  37  3:33  Probe (Chrono Boost)  
  38  3:35  Robotics Facility  
  38  3:37  Forge  
  38  3:41  Probe (Chrono Boost)  
  38  3:45  Gateway  
  40  3:50  Probe (Chrono Boost)  
  40  3:51  Probe (Chrono Boost)  
  41  3:56  Probe  
  41  3:57  Probe  
  41  4:02  Pylon  
  43  4:09  Protoss Ground Weapons Level 1 (Chrono Boost)  
  45  4:10  Probe x2 (Chrono Boost)  
  45  4:20  Gateway  
  45  4:24  Observer, Probe (Chrono Boost)  
  48  4:25  Probe (Chrono Boost)  
  48  4:28  Probe (Chrono Boost)  
  49  4:36  Nexus  
  49  4:39  Pylon  
  49  4:42  Probe  
  49  4:43  Sentry x2  
  54  4:46  Assimilator, Probe  
  54  4:52  Immortal (Chrono Boost)  
  55  4:56  Probe  
  60  5:03  Probe  
  60  5:04  Assimilator  
  60  5:06  Shield Battery  
  61  5:08  Probe  
  62  5:15  Probe  
  62  5:17  Observer  
  62  5:20  Twilight Council  
  62  5:21  Probe  
  64  5:23  Immortal (Chrono Boost)  
  64  5:28  Probe  
  69  5:33  Probe  
  70  5:40  Pylon  
  70  5:47  Probe x2  
  70  5:48  Charge  
  72  5:50  Probe  
  72  5:52  Immortal (Chrono Boost)  
  72  5:53  Sentry x2  
  81  5:59  Probe x2  
  81  6:02  Probe  
  81  6:03  Observer, Gateway  
  84  6:07  Pylon  
  84  6:08  Protoss Ground Weapons Level 2 (Chrono Boost)  
  84  6:12  Gateway  
  84  6:13  Gateway  
  84  6:20  Gateway  
  84  6:26  Probe x3  
  84  6:29  Warp Prism  
  89  6:33  Templar Archives  
  89  6:39  Gateway  
  89  6:40  Gateway  
  89  6:43  Pylon  
  89  6:45  Assimilator  
  89  6:47  Assimilator  
  89  6:49  Probe x2  
  91  6:55  Probe  
  91  6:57  Pylon  
  92  7:02  Photon Cannon  
  92  7:06  Zealot x3  
  92  7:08  Zealot x2  
  100  7:13  High Templar  
  100  7:14  High Templar  
  106  7:19  Archon  
  106  7:24  Pylon  
  106  7:26  Pylon  
  106  7:30  High Templar x2  
  106  7:31  Zealot x3  
  106  7:33  Archon  
  114  7:46  Zealot x4  
  114  7:48  Immortal (Chrono Boost)  
  124  7:51  Pylon  
  124  7:53  Pylon  
  116  7:59  Zealot x3  
  116  8:03  Zealot x2  
  118  8:12  Zealot x4  
  124  8:19  Immortal (Chrono Boost)  
  110  8:20  Zealot  
  110  8:21  Zealot x2  
  110  8:26  Zealot x2  
  101  8:36  Zealot x4  
  97  8:44  High Templar x3  
  97  8:46  High Templar  
  97  8:47  Zealot, Protoss Ground Armor Level 1 (Chrono Boost)  
  97  8:48  Archon  
  105  8:51  Archon  
  105  8:56  Zealot x4  
  113  9:10  Sentry  
  113  9:11  Immortal  
  119  9:25  Sentry x2  
  119  9:26  Zealot x5, Sentry  
  129  9:43  Pylon  
  123  9:46  Zealot  
  123  9:48  Zealot  
  123  9:51  Observer (Chrono Boost)  
  110  10:01  High Templar x4  
  110  10:02  Zealot x3  
  110  10:03  Nexus  
  110  10:05  Archon, Pylon  
  110  10:06  Archon  
  123  10:07  Photon Cannon  
  123  10:08  Zealot  
  123  10:10  Photon Cannon  
  123  10:11  Shield Battery  
  121  10:23  Stalker x4  
  122  10:30  Zealot  
  122  10:33  Gateway  
  122  10:34  Gateway  
  120  10:40  Zealot x4  
  120  10:43  Immortal (Chrono Boost)  
  120  10:49  Zealot x4  
  124  10:53  Zealot  
  121  11:00  Zealot x2  
  112  11:09  Zealot x2  
  115  11:14  Zealot  
  115  11:18  Zealot  
  101  11:29  Zealot x3  
  101  11:39  High Templar x6  
  113  11:43  Archon x3  
  113  11:52  Zealot, High Templar x2  
  119  11:56  Archon  
  115  12:04  Photon Cannon  
  115  12:06  Warp Prism (Chrono Boost)  
  115  12:16  Zealot x4  
  103  12:36  Zealot x4, Observer  

Tags
 
Add a new tag
Caveats
  • Supply blocks, unpowered buildings, or Contaminate may cause inaccurate times.
  • Supply counts are checked every 10 seconds.